Map: Frost LE

Players

Ghostwriter

  • Race: Terran Terran
  • League: Bronze

Gracz - Winner!

  • Race: Protoss Protoss
  • League: Bronze

VOD

Have the link to the VOD?

Description

Time

  • Played on: Sept. 18, 2016, 11:56 a.m.
  • Length: 12:27
Show
View Real Time Build Order
Export as new Build Order

Ghostwriter Terran 

Build Orders:  

Get SALT Encoding   

  12  0:02  SCV  
  13  0:14  SCV  
  14  0:22  Supply Depot  
  14  0:26  SCV  
  15  0:33  Supply Depot  
  15  0:44  Supply Depot  
  15  0:56  Barracks  
  15  1:05  Refinery  
  15  1:43  Marine  
  16  1:55  Engineering Bay  
  16  2:00  Refinery  
  16  2:01  Marine  
  17  2:11  Command Center  
  17  2:20  Marine  
  18  2:38  Marine  
  19  2:50  Factory  
  19  2:59  SCV  
  20  3:11  SCV  
  21  3:23  SCV  
  22  3:30  SCV  
  23  3:36  Factory Tech Lab  
  23  3:42  SCV  
  23  3:47  Missile Turret  
  24  3:54  SCV  
  24  4:02  Marine  
  24  4:05  Siege Tank  
  28  4:23  Missile Turret  
  28  4:29  Marine  
  28  4:44  Missile Turret  
  28  4:56  Siege Tank  
  28  4:58  Starport  
  31  5:06  Missile Turret  
  31  5:08  SCV  
  32  5:20  SCV  
  33  5:32  SCV  
  27  5:45  SCV  
  28  5:54  Supply Depot  
  28  6:00  Starport Tech Lab  
  28  6:04  Marine  
  28  6:20  Banshee  
  28  6:21  Marine  
  30  6:39  Marine  
  13  7:51  Missile Turret  
  13  7:55  Missile Turret  
  13  8:00  Supply Depot  
  13  8:06  Supply Depot  
  13  8:12  Supply Depot  
  13  8:21  Barracks  
  8  8:52  Engineering Bay  
  8  9:05  Refinery  
  8  9:11  Marine  
  9  9:28  Marine  
  10  9:42  Missile Turret  
  10  9:46  Marine  
  11  10:04  Marine  
  12  10:11  Missile Turret  
  12  10:22  Marine  
  13  10:34  Missile Turret  
  13  10:40  Marine  
  14  10:57  Marine  
Show
View Real Time Build Order
Export as new Build Order

Gracz Protoss - Winner!

Build Orders:  

Get SALT Encoding   

  12  0:03  Probe (Chrono Boost)  
  14  0:14  Probe (Chrono Boost)  
  14  0:29  Pylon  
  14  1:00  Probe (Chrono Boost)  
  15  1:11  Probe (Chrono Boost)  
  16  1:18  Gateway  
  16  1:21  Probe (Chrono Boost)  
  17  1:48  Assimilator  
  17  1:51  Probe (Chrono Boost)  
  17  1:52  Pylon  
  18  2:10  Cybernetics Core  
  18  2:13  Probe (Chrono Boost)  
  19  2:17  Gateway  
  19  2:19  Gateway  
  19  2:24  Gateway  
  19  2:30  Gateway  
  19  2:32  Warp Gate  
  19  2:36  Assimilator  
  19  2:37  Probe (Chrono Boost)  
  20  2:49  Probe (Chrono Boost)  
  21  3:02  Probe (Chrono Boost)  
  21  3:05  Stalker  
  24  3:19  Stalker  
  26  3:23  Zealot x2  
  30  3:32  Probe (Chrono Boost)  
  31  3:35  Nexus  
  31  3:58  Stalker  
  31  4:15  Pylon  
  31  4:25  Stalker  
  31  4:33  Stalker x2  
  31  4:35  Probe (Chrono Boost)  
  36  4:42  Stargate  
  36  4:47  Probe (Chrono Boost)  
  37  4:53  Stalker  
  37  4:54  Stalker  
  41  5:09  Stalker  
  43  5:20  Pylon  
  29  5:48  Stalker x2  
  29  5:49  Stalker x3  
  35  6:02  Probe (Chrono Boost)  
  35  6:04  Probe (Chrono Boost)  
  37  6:13  Probe (Chrono Boost)  
  37  6:16  Probe (Chrono Boost)  
  39  6:23  Probe (Chrono Boost)  
  40  6:28  Probe (Chrono Boost)  
  42  6:40  Stalker x3, Probe (Chrono Boost)  
  42  6:41  Stalker, Void Ray  
  42  6:45  Zealot  
  56  8:24  Stalker x2  
  56  8:25  Stalker  
  62  8:33  Pylon  
  62  8:50  Void Ray  
  62  10:22  Stalker  
  62  10:23  Stalker  
  62  10:24  Stalker x2  
  70  10:42  Nexus  
  65  12:10  Stalker x2  
  65  12:11  Stalker x2  
Tags
 
Add a new tag
Caveats
  • Supply blocks, unpowered buildings, or Contaminate may cause inaccurate times.
  • Supply counts are checked every 10 seconds.